Description

Nexus First

Strong in big map (4 positions)

Important: Drop at 5min with 2sentry and 2adept / Blink / Imortal / Take 3rd / 2nd drop

Replay - PvZ Drop Blink Imortal / Macro

Build Order

Get SALT Encoding   

  12  0:01  Probe (Chrono Boost)  
  13  0:12  Probe (Chrono Boost)  
  14  0:19  Pylon  
  14  0:23  Probe (Chrono Boost)  
  15  0:37  Probe (Chrono Boost)  
  16  0:47  Probe (Chrono Boost)  
  17  1:01  Nexus  Nexus Fisrt
  17  1:12  Gateway  
  17  1:14  Probe (Chrono Boost)  
  18  1:21  Assimilator  
  18  1:25  Assimilator  
  18  1:29  Probe (Chrono Boost)  
  19  1:40  Gateway  
  19  1:43  Probe (Chrono Boost)  
  20  1:55  Probe (Chrono Boost)  
  21  2:03  Cybernetics Core  
  21  2:05  Probe (Chrono Boost)  
  22  2:14  Probe (Chrono Boost)  
  23  2:16  Probe (Chrono Boost)  
  24  2:24  Probe (Chrono Boost)  
  24  2:26  Probe (Chrono Boost)  
  26  2:33  Pylon  
  26  2:35  Probe (Chrono Boost)  
  28  2:40  Adept x2 (Chrono Boost)  scout
  30  2:46  Warp Gate (Chrono Boost)  
  30  2:49  Mothership Core  
  32  2:57  Probe  
  35  3:06  Sentry (Chrono Boost)  
  35  3:09  Probe, Adept (Chrono Boost)  
  35  3:10  Probe  
  39  3:21  Probe  
  39  3:23  Probe  
  39  3:25  Robotics Facility  Robotica
  41  3:34  Probe  
  42  3:35  Probe  
  43  3:46  Probe  
  44  3:54  Probe  
  41  3:58  Adept (Chrono Boost), Sentry (Chrono Boost)  
  45  4:04  Gateway  
  45  4:07  Pylon, Twilight Council  Twlight
  45  4:09  Probe  
  46  4:13  Pylon  
  46  4:20  Warp Prism (Chrono Boost)  
  46  4:25  Probe x2  
  48  4:36  Assimilator  
  48  4:37  Probe (Chrono Boost)  
  50  4:39  Probe (Chrono Boost)  
  50  4:41  Assimilator  
  50  4:45  Blink  Blink
  50  4:49  Probe (Chrono Boost)  
  50  4:51  Probe (Chrono Boost)  
  51  4:55  Sentry  
  51  4:58  Adept  
  51  4:59  Probe (Chrono Boost)  
  56  5:03  Probe (Chrono Boost)  
  57  5:10  Pylon, Probe (Chrono Boost)  
  57  5:13  Gateway  
  57  5:14  Gateway  
  59  5:15  Probe (Chrono Boost)  
  59  5:20  Probe (Chrono Boost)  
  60  5:27  Nexus  3rd
  60  5:28  Probe (Chrono Boost), Immortal  Immortal
  65  5:31  Probe (Chrono Boost)  
  66  5:56  Stalker x2  
  70  6:00  Pylon  
  70  6:03  Pylon  
  70  6:08  Pylon  
  70  6:10  Pylon  
  70  6:14  Pylon  
  70  6:18  Immortal (Chrono Boost)  
  74  6:21  Stalker x5  
  84  6:32  Probe x2  
  86  6:38  Probe  
  87  6:42  Gateway x2  
  87  6:44  Probe x2  
  89  6:48  Stalker x2  
  93  6:56  Immortal (Chrono Boost)  
  97  7:07  Zealot x3  
  97  7:25  Stalker x2  
  97  7:35  Stalker x3  
  79  7:48  Mothership Core  
  79  7:50  Stalker x2  
  82  7:57  Probe  
  79  7:58  Probe  
  79  8:00  Stalker x5  
  86  8:07  Probe  
  86  8:09  Probe  
  86  8:10  Probe  
  85  8:17  Stalker x2  
  85  8:19  Probe, Warp Prism (Chrono Boost)  
  91  8:21  Probe  
  91  8:22  Probe  
  94  8:27  Assimilator x2  
  94  8:31  Forge  
  94  8:39  Stalker x4  
  102  8:47  Adept  
  104  8:50  Observer (Chrono Boost)  
  105  9:01  Gateway x2  
  105  9:04  Stalker x3  
  105  9:08  Pylon  
  111  9:23  Adept x4  
  119  9:31  Photon Cannon, Probe  
  119  9:32  Probe  
  119  9:35  Sentry x3  
  119  9:36  Photon Cannon  
  118  9:51  Stalker x4  
Spawning Tool Build Advisor. Get it on Overwolf

Go to:

Details

  • Created by: costta
  • Published on: Feb 04, 2016
  • Modified on: May 08, 2016
  • Patch: Pre-3.8.0
Show
View Real Time Build Order
Export as new Build Order

Comments (0)

There are no comments. Be the first!

Create an account to comment!